 Dungeon Crawl Stone Soup version 0.25-a0-100-g33052ceff8 (webtiles) character file.

Game seed: 7669486257422336541, levelgen mode: deterministic

183 DavidChitty2 the Magician (level 5, -7/28 HPs)
             Began as a Deep Elf Wizard on Nov 14, 2019.
             Killed by divine providence
             ... invoked by an orc priest
              (10 damage)
             ... on level 3 of the Dungeon.
             The game lasted 00:07:55 (3564 turns).

DavidChitty2 the Magician (Deep Elf Wizard)         Turns: 3564, Time: 00:07:56

Health: -7/28      AC:  2    Str:  4    XL:     5   Next: 35%
Magic:  1/14       EV: 13    Int: 24    God:
Gold:   185        SH:  0    Dex: 13    Spells: 3/14 levels left

rFire    . . .     SeeInvis .   b - +0 spear
rCold    . . .     Gourm    .   (no shield)
rNeg     . . .     Faith    .   c - +0 robe
rPois    .         Spirit   .   j - +0 hat
rElec    .         Reflect  .   (no cloak)
rCorr    .         Harm     .   (no gloves)
MR       .....                  (no boots)
Stlth    ++........             (no amulet)
HPRegen  0.09/turn              (no ring)
MPRegen  0.14/turn              (no ring)

@: no status effects
A: no striking features
a: no special abilities


You were on level 3 of the Dungeon.
You were not hungry.

You visited 1 branch of the dungeon, and saw 3 of its levels.

You collected 185 gold pieces.

Inventory:

Hand Weapons
 a - a +0 hunting sling
   (You took it off a goblin on level 2 of the Dungeon)
 b - a +0 spear (weapon)
   (You found it on level 2 of the Dungeon)
Missiles
 h - 71 stones (quivered)
Armour
 c - a +0 robe (worn)
 j - a +0 hat (worn)
Jewellery
 m - a cursed -3 ring of evasion {unknown}
   (You found it on level 3 of the Dungeon)
Scrolls
 f - a scroll of magic mapping {unknown}
 i - 2 scrolls of identify {unknown}
 k - 3 scrolls of blinking {unknown}
 l - 2 scrolls of remove curse {unknown}
Potions
 d - a potion of agility {unknown}
 g - a potion of haste {unknown}
 n - 2 potions of might {unknown}
Comestibles
 e - 6 rations {!d}
 o - 2 chunks of flesh


   Skills:
 + Level 3.2 Dodging
 - Level 2.4 Stealth
 + Level 5.1 Spellcasting
 * Level 3.2 Conjurations
 - Level 2.0 Summonings
 - Level 2.0 Translocations
 + Level 1.5 Fire Magic
 + Level 1.0 Air Magic
 + Level 1.2 Poison Magic


You had 3 spell levels left.
You knew the following spells:

 Your Spells              Type           Power        Failure   Level  Hunger
a - Magic Dart            Conj           ###.         2%          1    None
b - Blink                 Tloc           N/A          6%          2    None
c - Conjure Flame         Conj/Fire      ###.....     10%         3    ##.....
m - Mephitic Cloud        Conj/Pois/Air  ##......     12%         3    ##.....
o - Call Imp              Summ           ###.....     6%          2    None

Your spell library contained the following spells:

 Spells                   Type           Power        Failure   Level  Hunger
 Slow                     Hex            #.......     13%         2    None


Dungeon Overview and Level Annotations

Branches:
Dungeon (3/15)

Altars:

Annotations:
D:3 2 transporters, viperstalker's ghost, amateur CeFi


Message History

The orc wizard is too close now for your liking.
Aim: an orc wizard, wielding a +0 dagger and wearing a +0 robe The ball explodes into a vile cloud!
The stinking cloud engulfs the orc wizard but does no damage.
The orc wizard is engulfed in noxious fumes.
The orc wizard appears confused.
Firing (i - inventory)
h - 72 stones (quivered)
Aim: an orc wizard, wielding a +0 dagger and wearing a +0 robe (noxious fumes, lightly wounded, confused)
You shoot a stone.
The stone hits the orc wizard but does no damage.
The orc wizard is engulfed in noxious fumes.
The orc wizard appears confused.
b - a +0 spear (weapon)
You hit the orc wizard.
The orc priest is engulfed in noxious fumes.
The orc priest appears confused.
The orc wizard barely misses you.
You closely miss the orc wizard.
The orc wizard is engulfed in noxious fumes.
The orc wizard appears confused.
The orc wizard shouts!
You hit the orc wizard but do no damage.
The orc wizard is engulfed in noxious fumes.
The orc wizard appears confused.
The orc priest hits you but does no damage.
You strike the helpless orc wizard from behind!
You hit the orc wizard but do no damage.
The orc wizard hits you with a +0 dagger.
You barely miss the orc wizard. You hit the orc priest.
You hit the orc priest but do no damage.
You hit the orc priest. The orc priest closely misses you.
You barely miss the orc priest. The orc priest hits you.
The orc wizard hits you with a +0 dagger.
Aim: an orc wizard, wielding a +0 dagger and wearing a +0 robe (moderately wounded, confused)
The magic dart hits the orc wizard.
Aim: an orc wizard, wielding a +0 dagger and wearing a +0 robe (heavily wounded, confused)
The magic dart hits the orc wizard.
The orc priest seems less confused.
The orc priest calls upon Beogh to heal something.
The orc wizard hits you with a +0 dagger.
Aim: an orc wizard, wielding a +0 dagger and wearing a +0 robe (almost dead, confused)
The magic dart hits the orc wizard.
You kill the orc wizard!
Your Air Magic skill increases to level 1!
The orc priest calls down the wrath of Beogh upon you.
Beogh smites you!
* * * LOW HITPOINT WARNING * * *
You hit the orc priest.
The orc priest mumbles some strange prayers to Beogh against you.
Beogh smites you!
You die...

........#
#........####...#.###.
........# #........#
##........ ........#
..........# #.##.###.
..........# #..#.##..
........).# ##.#.....
#.....o..# . .####..
##########'###).. ..
#.. #.....##.[o..)...
#.. ####.###.# #@.#
#.. #....###.###).#
#..
#####.##.#....##..##
#..
...........#.......#
#..
.####©###..##.#....#
#.. ##
###.##..#.#....# #.#..
$. ..W.5##.#.#.÷..#
#.#.. 5#.
#....#.#.#....# ##....
...#..##..#.#'###'####
.....


You could see an orc priest and an orc wizard (confused).

Vanquished Creatures
  2 orc wizards (D:3)
  6 adders
  2 dart slugs
  3 leopard geckos
  9 orcs
  6 giant cockroaches
  7 hobgoblins
  3 quokkas
  10 bats
  2 frilled lizards (D:2)
  6 goblins
  4 kobolds
  6 rats
66 creatures vanquished.

Notes
Turn   | Place    | Note
-------+----------+-------------------------------------------
     0 | D:1      | DavidChitty2 the Deep Elf Wizard began the quest for the
                  | Orb.
     0 | D:1      | Reached XP level 1. HP: 10/10 MP: 7/7
   333 | D:1      | Reached XP level 2. HP: 15/15 MP: 6/9
   362 | D:1      | Learned a level 2 spell: Blink
   365 | D:1      | Learned a level 2 spell: Call Imp
  1345 | D:2      | Reached XP level 3. HP: 19/19 MP: 2/11
  1355 | D:2      | Learned a level 3 spell: Conjure Flame
  1359 | D:2      | Learned a level 3 spell: Mephitic Cloud
  2035 | D:2      | Reached XP level 4. HP: 24/24 MP: 4/12
  2742 | D:2      | Reached skill level 1 in Fire Magic
  3179 | D:3      | Reached skill level 5 in Spellcasting
  3281 | D:3      | Noticed viperstalker's ghost (amateur CeFi)
  3282 | D:3      | Found a transporter.
  3339 | D:3      | Reached skill level 1 in Poison Magic
  3339 | D:3      | Reached XP level 5. HP: 20/28 MP: 6/14
  3441 | D:3      | Found a transporter.
  3563 | D:3      | Reached skill level 1 in Air Magic
  3564 | D:3      | Killed from afar by an orc priest

Levels and vault maps discovered:
D:1:      roderic_crossed_star, layout_loops_ring
D:2:      layout_loops_ring
D:3:      layout_basic, first_ration, gammafunk_ghost_stat_death

Skill      XL: |  1  2  3  4  5 |
---------------+----------------+-----
Conjurations   | 2 3 |  3.2
Dodging        | 3 |  3.2
Translocations | 2 |  2.0
Fire Magic     | 1 |  1.5
Spellcasting   | 5 |  5.1
Poison Magic   | 1 |  1.2
Summonings     | 2 |  2.0
Air Magic      | 1 |  1.0
Stealth        | |  2.4

Action                   |  1- 3 |  4- 6 || total
-------------------------+-------+-------++-------
Melee: Spear             |       |    10 ||    10
 Fire: Hunting sling     |       |    11 ||    11
 Cast: Magic Dart        |   103 |    87 ||   190
       Conjure Flame     |     1 |     3 ||     4
       Mephitic Cloud    |       |     3 ||     3
 Stab: Confused          |       |     1 ||     1
  Eat: Chunk             |     3 |     5 ||     8
Armor: Robe              |       |     7 ||     7
Dodge: Dodged            |    16 |    21 ||    37

Table legend:
 A = Non-vault XP
 B = Vault XP
 C = Vault XP percentage of total XP
 D = Non-vault monster count
 E = Vault monster count
 F = Vault count percentage of total count
                 A         B        C        D         E       F
            +---------+---------+-------+---------+---------+-------
      Total |     262 |       0 |   0.0 |      66 |       0 |   0.0
            +---------+---------+-------+---------+---------+-------
        D:1 |      35 |       0 |   0.0 |      20 |       0 |   0.0
        D:2 |      96 |       0 |   0.0 |      27 |       0 |   0.0
        D:3 |     131 |       0 |   0.0 |      19 |       0 |   0.0
            +---------+---------+-------+---------+---------+-------
